 Dungeon Crawl Stone Soup version 0.16.1-18-g436b03c (webtiles) character file.

3867 Lathuz the Cleaver (level 9, -6/92 HPs)
             Began as a Minotaur Berserker on Apr 28, 2015.
             Was a High Priest of Trog.
             Mangled by an insubstantial wisp (7 damage)
             ... on level 1 of the Lair of Beasts.
             The game lasted 00:43:56 (9021 turns).

Lathuz the Cleaver (Minotaur Berserker)             Turns: 9021, Time: 00:43:56

Health: -6/92      AC: 16    Str: 23    XL:     9   Next: 99%
Magic:  11/11      EV:  4    Int:  4    God:    Trog [*****.]
Gold:   497        SH: 12    Dex: 11    Spells: 0 memorised, 8 levels left

rFire  . . .     SeeInvis .     a - +0 hand axe
rCold  . . .     Clarity  .     d - +1 chain mail
rNeg   . . .     SustAb   .     n - +0 large shield
rPois  .         Gourm    .     (helmet restricted)
rElec  .         Spirit   .     (no cloak)
rCorr  .         Warding  .     (no gloves)
rMut   .         Stasis   .     j - +0 pair of boots
MR     +....                    (no amulet)
Stlth  ..........               (no ring)
                                (no ring)

@: exhausted, slowed, very slow, somewhat resistant to hostile enchantments,
extremely unstealthy
A: retaliatory headbutt, horns 2, rough black scales 1, magic resistance 1,
robust 1, evolution 1
a: Burn Spellbooks, Berserk, Trog's Hand, Brothers in Arms, Renounce Religion


You were on level 1 of the Lair of Beasts.
You worshipped Trog.
Trog was extremely pleased with you.
You were not hungry.

You visited 2 branches of the dungeon, and saw 9 of its levels.

You collected 497 gold pieces.

Inventory:

Hand weapons
 a - a +0 hand axe (weapon)
 p - a +0 hand axe
 y - a +1 war axe of electrocution
Armour
 d - a +1 chain mail (worn)
 f - a +1 scale mail of cold resistance
 j - a +0 pair of boots (worn)
 n - a +0 large shield (worn)
Jewellery
 h - an uncursed ring of invisibility
 s - an uncursed ring of magical power
 A - an uncursed ring of ice
 C - an uncursed ring of sustain abilities {unknown}
 D - a +4 ring of intelligence {unknown}
 G - a +3 ring of evasion {unknown}
Magical devices
 u - a wand of digging (5)
 x - a wand of enslavement (20)
Scrolls
 i - 5 scrolls of teleportation
 l - 3 scrolls of blinking
 m - a scroll of fog
 o - a scroll of magic mapping
 r - 3 scrolls of fear
 v - 2 scrolls of recharging
 B - a scroll of enchant armour
 F - a scroll of enchant weapon
 H - a scroll of identify
 I - a scroll of amnesia {unknown}
Potions
 b - a potion of poison {unknown}
 e - a potion of mutation
 g - a potion of heal wounds {unknown}
 k - 3 potions of curing {unknown}
 q - a potion of lignification {unknown}
 t - a potion of brilliance {unknown}
 E - a potion of haste
Comestibles
 c - 8 bread rations
 w - 9 slices of pizza
 z - 3 meat rations


   Skills:
 * Level 9.5 Fighting
 - Level 12.3 Axes
 + Level 6.6 Armour
 - Level 2.1 Dodging
 + Level 4.6 Evocations


You had 8 spell levels left.
You didn't know any spells.

Dungeon Overview and Level Annotations

Branches:
Dungeon (8/15)             Temple (0/1) D:7            Lair (1/8) D:8

Altars:
Cheibriados
Dithmenos
Elyvilon
Fedhas
Kikubaaqudgha
Nemelex Xobeh
Okawaru
Trog
Xom
Zin
The Shining One


Innate Abilities, Weirdness & Mutations

You reflexively headbutt those who attack you in melee.
You have a pair of horns on your head.
You are partially covered in rough black scales (AC +4, Dex -1).
You are resistant to hostile enchantments.
You are robust (+10% HP).
You evolve.


Message History

You miss the vampire mosquito.
The vampire mosquito is moderately damaged.
You hit the insubstantial wisp.
The insubstantial wisp is lightly damaged.
You block the vampire mosquito's attack.
The vampire mosquito bites you!
* * * LOW HITPOINT WARNING * * *
The vampire mosquito draws strength from your injuries!
You block the vampire mosquito's attack.
The insubstantial wisp thrums sharply.
You are struck by lightning.
* * * LOW HITPOINT WARNING * * *
The lightning arcs!
The vampire mosquito is struck by lightning.
The lightning arcs!
The vampire mosquito bites you but does no damage.
The insubstantial wisp barely misses you.
You furiously retaliate!
You headbutt the insubstantial wisp! The insubstantial wisp hits you!
You die...

. #.........P.....###
#.........#.....####
#................≈..##
..##.............≈≈≈≈..
....#.............≈≈≈≈≈≈
#................≈≈≈≈≈≈.
#(...............≈≈≈≈≈≈>
##......v.........≈≈≈≈≈≈.
........@.........≈≈≈≈≈≈≈
###....vyy.........≈≈≈≈≈≈
#............#....≈≈≈≈≈
#####....v......###P..≈≈.≈
#.......†.......# ####...#
#.###.#.........# #...P
..≈≈..P........## #####
(≈≈≈≈..........#
≈≈≈≈≈≈..!......#


You could see 2 vampire mosquitoes and 3 insubstantial wisps.

Vanquished Creatures
  A black mamba (Lair:1)
  The ghost of tesudzi the Firebug, an average HOFE of Vehumet (D:4)
  2 hungry ghosts
  A wraith (D:7)
  2 vampire mosquitoes (Lair:1)
  A deep elf fighter (D:8)
  A hippogriff (Lair:1)
  A water moccasin (Lair:1)
  An ice beast (D:7)
  2 sky beasts (D:7)
  A porcupine (Lair:1)
  A swamp drake (Lair:1)
  2 centaurs (D:7)
  A phantom (D:4)
  A crocodile (Lair:1)
  Sigmund (D:6)
  2 giant frogs
  8 wights (D:8)
  A crimson imp (D:8)
  An electric eel (Lair:1)
  An orc priest (D:7)
  A centaur zombie (D:7)
  A hound (D:8)
  2 goliath beetles
  4 jellies
  An iguana (D:4)
  5 orc wizards
  7 worker ants
  Ijyb (D:6)
  A hound zombie (D:6)
  Robin (D:2)
  7 adders
  3 gnolls (D:2)
  2 shadow imps (D:5)
  2 worms
  2 adder skeletons
  7 giant geckos
  An ooze (D:2)
  9 orcs
  9 giant cockroaches
  15 goblins
  7 hobgoblins
  9 jackals
  14 kobolds
  8 quokkas
  7 bats
  A giant cockroach zombie (D:5)
  4 giant newts
  2 jackal skeletons
  16 rats
  A ballistomycete (D:8)
183 creatures vanquished.

Vanquished Creatures (others)
  2 vampire mosquitoes (Lair:1)
  A giant spore (D:8)
3 creatures vanquished.

Grand Total: 186 creatures vanquished

Notes
Turn   | Place    | Note
--------------------------------------------------------------
     0 | D:1      | Lathuz, the Minotaur Berserker, began the quest for the Orb.
     0 | D:1      | Reached XP level 1. HP: 19/19 MP: 1/1
   142 | D:1      | Reached skill level 4 in Axes
   189 | D:1      | Reached XP level 2. HP: 26/26 MP: 1/1
   314 | D:1      | Acquired Trog's second power
   513 | D:1      | Reached skill level 5 in Axes
   653 | D:2      | Found a snail-covered altar of Cheibriados.
   718 | D:2      | Reached XP level 3. HP: 31/31 MP: 2/2
   763 | D:2      | Noticed Robin
   785 | D:2      | Killed Robin
  1025 | D:2      | Reached XP level 4. HP: 3/39 MP: 2/2
  1027 | D:2      | Reached skill level 6 in Axes
  1968 | D:3      | Reached skill level 7 in Axes
  1968 | D:3      | Reached XP level 5. HP: 45/45 MP: 2/2
  2338 | D:3      | Found a shadowy altar of Dithmenos.
  2465 | D:4      | Noticed a phantom
  2472 | D:4      | Noticed tesudzi's ghost (average HOFE)
  2483 | D:4      | Killed a phantom
  2483 | D:4      | Reached skill level 8 in Axes
  2490 | D:4      | Killed tesudzi's ghost
  2490 | D:4      | Reached skill level 9 in Axes
  2490 | D:4      | Reached XP level 6. HP: 51/51 MP: 3/3
  2647 | D:4      | Found a white marble altar of Elyvilon.
  2682 | D:4      | Acquired Trog's third power
  3119 | D:4      | Found a bloodstained altar of Trog.
  3119 | D:4      | Found a shimmering altar of Xom.
  3156 | D:4      | Found a blossoming altar of Fedhas.
  3164 | D:4      | Reached XP level 7. HP: 55/57 MP: 3/3
  3236 | D:5      | Entered Level 5 of the Dungeon
  3236 | D:5      | Found a glowing golden altar of the Shining One.
  3648 | D:5      | Found an iron altar of Okawaru.
  3676 | D:5      | Found a glowing silver altar of Zin.
  4067 | D:6      | Noticed Ijyb
  4097 | D:6      | Killed Ijyb
  4172 | D:6      | Reached skill level 10 in Axes
  4955 | D:6      | Noticed Sigmund
  4965 | D:6      | Killed Sigmund
  5573 | D:7      | Reached skill level 11 in Axes
  5670 | D:7      | Reached XP level 8. HP: 64/64 MP: 3/3
  5930 | D:7      | Found a sparkling altar of Nemelex Xobeh.
  5953 | D:7      | Reached skill level 12 in Axes
  6169 | D:7      | Noticed a wraith
  6183 | D:7      | Killed a wraith
  6183 | D:7      | Reached skill level 1 in Evocations
  6254 | D:7      | Found an ancient bone altar of Kikubaaqudgha.
  6284 | D:7      | Reached skill level 5 in Fighting
  6575 | D:7      | Found a staircase to the Ecumenical Temple.
  6773 | D:8      | Found a staircase to the Lair.
  6841 | D:8      | Reached XP level 9. HP: 75/75 MP: 7/7
  7290 | D:8      | Gained mutation: You are resistant to hostile enchantments. [potion of mutation]
  7290 | D:8      | Gained mutation: You evolve. [potion of mutation]
  7290 | D:8      | Gained mutation: You are partially covered in rough black scales (AC +4, Dex -1). [potion of mutation]
  7837 | D:8      | Reached skill level 5 in Armour
  8315 | Lair:1   | Entered Level 1 of the Lair of Beasts
  8529 | Lair:1   | Gained mutation: You are robust (+10% HP). [evolution]
  8794 | Lair:1   | Noticed a black mamba
  8799 | Lair:1   | Killed a black mamba
  9021 | Lair:1   | HP: 1/92 [insubstantial wisp/static electricity (6)]
  9021 | Lair:1   | Mangled by an insubstantial wisp

Action                   |  1- 3 |  4- 6 |  7- 9 || total
-------------------------+-------+-------+-------++-------
Melee: Hand axe          |    90 |   147 |   488 ||   725
Invok: Berserk           |     2 |     1 |     7 ||    10
       Burn Spellbooks   |       |       |     3 ||     3
  Use: Scroll            |       |     3 |    13 ||    16
       Potion            |       |       |     2 ||     2
  Eat: Chunk             |     1 |     5 |    11 ||    17
       Meat ration       |       |     1 |       ||     1
       Bread ration      |       |       |     4 ||     4
       Beef jerky        |       |       |     2 ||     2
